cohdb
Replays
Latest Replays
All Replays
Popular Replays
Top Player Replays
Match Explorer
How It Works
Community
CoH3 Stats
Reddit
Sign in to upload your games and track your stats! →
Sign in with Steam
Match 41521549
Unlisted
Match 41521549
Overview
Messages
Build Orders
End
Pioneer Squad
Construct Infanterie Kompanie
Grenadier Squad
Grenadier Squad
MG 42 Machine Gun Team
MG 42 Machine Gun Team
Construct Luftwaffe Kompanie
Jäger Squad
Selects Terror Battlegroup
Selects Machine Gun Camouflage
Luftwaffe Officer Quarters
Jäger Squad
Selects No Quarter
Support Elements
Medical Bunker
Wirbelwind Flakpanzer
Pioneer Squad
Jäger Squad
Marder III M Tank Destroyer
Selects King Tiger Heavy Tank
King Tiger Heavy Tank
Pickelhaube Enthusiast
Null
0
0
Comments
sign in to comment!
No comments posted yet!